%YAML 1.1
%TAG !u! tag:unity3d.com,2011:
--- !u!114 &-8940933709324712158
MonoBehaviour:
  m_ObjectHideFlags: 1
  m_CorrespondingSourceObject: {fileID: 0}
  m_PrefabInstance: {fileID: 0}
  m_PrefabAsset: {fileID: 0}
  m_GameObject: {fileID: 0}
  m_Enabled: 1
  m_EditorHideFlags: 0
  m_Script: {fileID: 11500000, guid: 85200ef7824ca9e4c8822d512a23b2c9, type: 3}
  m_Name: MultiLanguageTextSwitcherClip(Clone)(Clone)
  m_EditorClassIdentifier: 
  template:
    color: {r: 0, g: 0, b: 0, a: 1}
    fontSize: 13
    texts:
    - language: 0
      text: 'In the other illustrations of the rasterization stage, <b>all fragments
        are displayed in grey</b>, because the <b>colors are not determined</b> in
        this step.

        I have displayed them without color so that you don''t
        get confused with this.'
    - language: 1
      text: 'In den anderen Darstellungen der Rasterization Stage sind <b>alle Fragments
        grau dargestellt</b>, weil die <b>Farben</b> der Fragments in diesem Schritt
        <b>noch nicht bestimmt</b> werden.

        Deshalb habe ich sie ohne Farbe
        dargestellt, damit du davon nicht verwirrt wirst.'
--- !u!114 &-8603956126248469080
MonoBehaviour:
  m_ObjectHideFlags: 1
  m_CorrespondingSourceObject: {fileID: 0}
  m_PrefabInstance: {fileID: 0}
  m_PrefabAsset: {fileID: 0}
  m_GameObject: {fileID: 0}
  m_Enabled: 1
  m_EditorHideFlags: 0
  m_Script: {fileID: 11500000, guid: 15c38f6fa1940124db1ab7f6fe7268d1, type: 3}
  m_Name: Signal Emitter
  m_EditorClassIdentifier: 
  m_Time: 5.9
  m_Retroactive: 0
  m_EmitOnce: 1
  m_Asset: {fileID: 11400000, guid: 7c8279b6191caea4d95a68aadfccbc8d, type: 2}
--- !u!114 &-7277688707429263327
MonoBehaviour:
  m_ObjectHideFlags: 1
  m_CorrespondingSourceObject: {fileID: 0}
  m_PrefabInstance: {fileID: 0}
  m_PrefabAsset: {fileID: 0}
  m_GameObject: {fileID: 0}
  m_Enabled: 1
  m_EditorHideFlags: 0
  m_Script: {fileID: 11500000, guid: 15c38f6fa1940124db1ab7f6fe7268d1, type: 3}
  m_Name: Signal Emitter
  m_EditorClassIdentifier: 
  m_Time: 5.85
  m_Retroactive: 0
  m_EmitOnce: 1
  m_Asset: {fileID: 11400000, guid: ed8f1a041749b1243abed54d7a0fad74, type: 2}
--- !u!114 &-6888724326114113835
MonoBehaviour:
  m_ObjectHideFlags: 1
  m_CorrespondingSourceObject: {fileID: 0}
  m_PrefabInstance: {fileID: 0}
  m_PrefabAsset: {fileID: 0}
  m_GameObject: {fileID: 0}
  m_Enabled: 1
  m_EditorHideFlags: 0
  m_Script: {fileID: 11500000, guid: 85200ef7824ca9e4c8822d512a23b2c9, type: 3}
  m_Name: MultiLanguageTextSwitcherClip
  m_EditorClassIdentifier: 
  template:
    color: {r: 0, g: 0, b: 0, a: 1}
    fontSize: 14
    texts:
    - language: 0
      text: 'You can see an <b>example</b> of this in the picture on the left.

        Given
        is a scene in top-down view in which every object has one color and consists
        of just <b>one primitive</b>.'
    - language: 1
      text: 'Du kannst ein <b>Beispiel</b> davon in dem Bild links sehen.

        Dort
        kannst du eine Szene im Top-Down Format sehen, in der jedes Objekt eine Farbe
        hat und nur aus <b>einem Primitiv</b> besteht.'
--- !u!114 &-6313058799222736818
MonoBehaviour:
  m_ObjectHideFlags: 1
  m_CorrespondingSourceObject: {fileID: 0}
  m_PrefabInstance: {fileID: 0}
  m_PrefabAsset: {fileID: 0}
  m_GameObject: {fileID: 0}
  m_Enabled: 1
  m_EditorHideFlags: 0
  m_Script: {fileID: 11500000, guid: 15c38f6fa1940124db1ab7f6fe7268d1, type: 3}
  m_Name: Signal Emitter
  m_EditorClassIdentifier: 
  m_Time: 1.9
  m_Retroactive: 0
  m_EmitOnce: 1
  m_Asset: {fileID: 11400000, guid: 7c8279b6191caea4d95a68aadfccbc8d, type: 2}
--- !u!114 &-5761400364232139366
MonoBehaviour:
  m_ObjectHideFlags: 1
  m_CorrespondingSourceObject: {fileID: 0}
  m_PrefabInstance: {fileID: 0}
  m_PrefabAsset: {fileID: 0}
  m_GameObject: {fileID: 0}
  m_Enabled: 1
  m_EditorHideFlags: 0
  m_Script: {fileID: 11500000, guid: 15c38f6fa1940124db1ab7f6fe7268d1, type: 3}
  m_Name: Signal Emitter
  m_EditorClassIdentifier: 
  m_Time: 6
  m_Retroactive: 0
  m_EmitOnce: 0
  m_Asset: {fileID: 11400000, guid: ed8f1a041749b1243abed54d7a0fad74, type: 2}
--- !u!114 &-5591605199263928359
MonoBehaviour:
  m_ObjectHideFlags: 1
  m_CorrespondingSourceObject: {fileID: 0}
  m_PrefabInstance: {fileID: 0}
  m_PrefabAsset: {fileID: 0}
  m_GameObject: {fileID: 0}
  m_Enabled: 1
  m_EditorHideFlags: 0
  m_Script: {fileID: 11500000, guid: 85200ef7824ca9e4c8822d512a23b2c9, type: 3}
  m_Name: MultiLanguageTextSwitcherClip
  m_EditorClassIdentifier: 
  template:
    color: {r: 0, g: 0, b: 0, a: 1}
    fontSize: 14
    texts:
    - language: 0
      text: The scene is displayed three times and in each scene a different primitive
        is <b>rasterized</b>. It is shown for each primitive, which pixels correspond
        to it, and therefor which fragments are calculated.
    - language: 1
      text: "Die Szene ist drei Mal gezeigt und in jeder Szene wird ein anderes Primitiv
        <b>gerastert</b>. F\xFCr jedes Primitiv ist gezeigt, in welchen Pixeln es
        sichtbar ist und damit, welche Fragments ermittelt werden."
--- !u!114 &-5487324022728404483
MonoBehaviour:
  m_ObjectHideFlags: 1
  m_CorrespondingSourceObject: {fileID: 0}
  m_PrefabInstance: {fileID: 0}
  m_PrefabAsset: {fileID: 0}
  m_GameObject: {fileID: 0}
  m_Enabled: 1
  m_EditorHideFlags: 0
  m_Script: {fileID: 11500000, guid: 15c38f6fa1940124db1ab7f6fe7268d1, type: 3}
  m_Name: Signal Emitter
  m_EditorClassIdentifier: 
  m_Time: 3.9
  m_Retroactive: 0
  m_EmitOnce: 1
  m_Asset: {fileID: 11400000, guid: 7c8279b6191caea4d95a68aadfccbc8d, type: 2}
--- !u!114 &-4653382114231058266
MonoBehaviour:
  m_ObjectHideFlags: 1
  m_CorrespondingSourceObject: {fileID: 0}
  m_PrefabInstance: {fileID: 0}
  m_PrefabAsset: {fileID: 0}
  m_GameObject: {fileID: 0}
  m_Enabled: 1
  m_EditorHideFlags: 0
  m_Script: {fileID: 11500000, guid: 15c38f6fa1940124db1ab7f6fe7268d1, type: 3}
  m_Name: Signal Emitter
  m_EditorClassIdentifier: 
  m_Time: 6
  m_Retroactive: 0
  m_EmitOnce: 1
  m_Asset: {fileID: 11400000, guid: 73abff731c1c3cf4396d39e287b960e2, type: 2}
--- !u!114 &-464562424729190887
MonoBehaviour:
  m_ObjectHideFlags: 1
  m_CorrespondingSourceObject: {fileID: 0}
  m_PrefabInstance: {fileID: 0}
  m_PrefabAsset: {fileID: 0}
  m_GameObject: {fileID: 0}
  m_Enabled: 1
  m_EditorHideFlags: 0
  m_Script: {fileID: 11500000, guid: 85200ef7824ca9e4c8822d512a23b2c9, type: 3}
  m_Name: MultiLanguageTextSwitcherClip
  m_EditorClassIdentifier: 
  template:
    color: {r: 0, g: 0, b: 0, a: 1}
    fontSize: 14
    texts:
    - language: 0
      text: There can be <b>multiple fragments per pixel</b>. Only one of them will
        be chosen to be the pixel in later steps of the <b>Rendering Pipeline</b>.
    - language: 1
      text: "Es kann <b>mehrere Fragments pro Pixel</b> geben. Nur einer davon wird
        in einem sp\xE4teren Schritt der <b>Rendering Pipeline</b> als Pixel bestimmt."
--- !u!114 &-222834786135817737
MonoBehaviour:
  m_ObjectHideFlags: 1
  m_CorrespondingSourceObject: {fileID: 0}
  m_PrefabInstance: {fileID: 0}
  m_PrefabAsset: {fileID: 0}
  m_GameObject: {fileID: 0}
  m_Enabled: 1
  m_EditorHideFlags: 0
  m_Script: {fileID: 11500000, guid: 15c38f6fa1940124db1ab7f6fe7268d1, type: 3}
  m_Name: Signal Emitter
  m_EditorClassIdentifier: 
  m_Time: 2.9
  m_Retroactive: 0
  m_EmitOnce: 1
  m_Asset: {fileID: 11400000, guid: 7c8279b6191caea4d95a68aadfccbc8d, type: 2}
--- !u!114 &11400000
MonoBehaviour:
  m_ObjectHideFlags: 0
  m_CorrespondingSourceObject: {fileID: 0}
  m_PrefabInstance: {fileID: 0}
  m_PrefabAsset: {fileID: 0}
  m_GameObject: {fileID: 0}
  m_Enabled: 1
  m_EditorHideFlags: 0
  m_Script: {fileID: 11500000, guid: bfda56da833e2384a9677cd3c976a436, type: 3}
  m_Name: R - No Colors - DirectorTimeline
  m_EditorClassIdentifier: 
  m_Version: 0
  m_Tracks:
  - {fileID: 7030989625094917505}
  - {fileID: 8638693353185750054}
  - {fileID: 2134321947608952199}
  - {fileID: 4141891962083933868}
  m_FixedDuration: 0
  m_EditorSettings:
    m_Framerate: 60
    m_ScenePreview: 1
  m_DurationMode: 0
  m_MarkerTrack: {fileID: 1260288868722061137}
--- !u!114 &462962627248195482
MonoBehaviour:
  m_ObjectHideFlags: 1
  m_CorrespondingSourceObject: {fileID: 0}
  m_PrefabInstance: {fileID: 0}
  m_PrefabAsset: {fileID: 0}
  m_GameObject: {fileID: 0}
  m_Enabled: 1
  m_EditorHideFlags: 0
  m_Script: {fileID: 11500000, guid: 85200ef7824ca9e4c8822d512a23b2c9, type: 3}
  m_Name: MultiLanguageTextSwitcherClip
  m_EditorClassIdentifier: 
  template:
    color: {r: 0, g: 0, b: 0, a: 1}
    fontSize: 14
    texts:
    - language: 0
      text: You can see, that the <b>fragments</b> of the green and yellow primitive
        are <b>overlapping</b>. For each pixel only <b>one</b> of them will later
        be chosen to be the pixel, but each of them is one fragment.
    - language: 1
      text: "Du kannst sehen, dass sich die <b>Fragments</b> vom gr\xFCnen und gelben
        Primitiv <b>\xFCberschneiden</b>. Pro Pixel wird nur jeweils <b>eins</b>
        der Fragments sp\xE4ter als Pixel ausgew\xE4hlt werden, aber beide sind ein
        Fragment."
--- !u!114 &1260288868722061137
MonoBehaviour:
  m_ObjectHideFlags: 1
  m_CorrespondingSourceObject: {fileID: 0}
  m_PrefabInstance: {fileID: 0}
  m_PrefabAsset: {fileID: 0}
  m_GameObject: {fileID: 0}
  m_Enabled: 1
  m_EditorHideFlags: 0
  m_Script: {fileID: 11500000, guid: 2a16748d9461eae46a725db9776d5390, type: 3}
  m_Name: Markers
  m_EditorClassIdentifier: 
  m_Version: 3
  m_AnimClip: {fileID: 0}
  m_Locked: 0
  m_Muted: 0
  m_CustomPlayableFullTypename: 
  m_Curves: {fileID: 0}
  m_Parent: {fileID: 11400000}
  m_Children: []
  m_Clips: []
  m_Markers:
    m_Objects: []
--- !u!114 &2134321947608952199
MonoBehaviour:
  m_ObjectHideFlags: 1
  m_CorrespondingSourceObject: {fileID: 0}
  m_PrefabInstance: {fileID: 0}
  m_PrefabAsset: {fileID: 0}
  m_GameObject: {fileID: 0}
  m_Enabled: 1
  m_EditorHideFlags: 0
  m_Script: {fileID: 11500000, guid: b46e36075dd1c124a8422c228e75e1fb, type: 3}
  m_Name: Signal Track
  m_EditorClassIdentifier: 
  m_Version: 3
  m_AnimClip: {fileID: 0}
  m_Locked: 0
  m_Muted: 0
  m_CustomPlayableFullTypename: 
  m_Curves: {fileID: 0}
  m_Parent: {fileID: 11400000}
  m_Children: []
  m_Clips: []
  m_Markers:
    m_Objects:
    - {fileID: -5761400364232139366}
--- !u!114 &2339712566576766877
MonoBehaviour:
  m_ObjectHideFlags: 1
  m_CorrespondingSourceObject: {fileID: 0}
  m_PrefabInstance: {fileID: 0}
  m_PrefabAsset: {fileID: 0}
  m_GameObject: {fileID: 0}
  m_Enabled: 1
  m_EditorHideFlags: 0
  m_Script: {fileID: 11500000, guid: 15c38f6fa1940124db1ab7f6fe7268d1, type: 3}
  m_Name: Signal Emitter
  m_EditorClassIdentifier: 
  m_Time: 0
  m_Retroactive: 0
  m_EmitOnce: 1
  m_Asset: {fileID: 11400000, guid: 1d160f7337be6f348ab676e430a1dbd0, type: 2}
--- !u!114 &4000006989163615244
MonoBehaviour:
  m_ObjectHideFlags: 1
  m_CorrespondingSourceObject: {fileID: 0}
  m_PrefabInstance: {fileID: 0}
  m_PrefabAsset: {fileID: 0}
  m_GameObject: {fileID: 0}
  m_Enabled: 1
  m_EditorHideFlags: 0
  m_Script: {fileID: 11500000, guid: 15c38f6fa1940124db1ab7f6fe7268d1, type: 3}
  m_Name: Signal Emitter
  m_EditorClassIdentifier: 
  m_Time: 5.85
  m_Retroactive: 0
  m_EmitOnce: 1
  m_Asset: {fileID: 11400000, guid: ed8f1a041749b1243abed54d7a0fad74, type: 2}
--- !u!114 &4141891962083933868
MonoBehaviour:
  m_ObjectHideFlags: 1
  m_CorrespondingSourceObject: {fileID: 0}
  m_PrefabInstance: {fileID: 0}
  m_PrefabAsset: {fileID: 0}
  m_GameObject: {fileID: 0}
  m_Enabled: 1
  m_EditorHideFlags: 0
  m_Script: {fileID: 11500000, guid: b46e36075dd1c124a8422c228e75e1fb, type: 3}
  m_Name: Signal Track (1)
  m_EditorClassIdentifier: 
  m_Version: 3
  m_AnimClip: {fileID: 0}
  m_Locked: 0
  m_Muted: 0
  m_CustomPlayableFullTypename: 
  m_Curves: {fileID: 0}
  m_Parent: {fileID: 11400000}
  m_Children: []
  m_Clips: []
  m_Markers:
    m_Objects:
    - {fileID: -4653382114231058266}
--- !u!114 &7030989625094917505
MonoBehaviour:
  m_ObjectHideFlags: 1
  m_CorrespondingSourceObject: {fileID: 0}
  m_PrefabInstance: {fileID: 0}
  m_PrefabAsset: {fileID: 0}
  m_GameObject: {fileID: 0}
  m_Enabled: 1
  m_EditorHideFlags: 0
  m_Script: {fileID: 11500000, guid: 2c570e70072faa94fa1f797c2a0f01d0, type: 3}
  m_Name: Multi Language Text Switcher Track
  m_EditorClassIdentifier: 
  m_Version: 3
  m_AnimClip: {fileID: 0}
  m_Locked: 0
  m_Muted: 0
  m_CustomPlayableFullTypename: 
  m_Curves: {fileID: 0}
  m_Parent: {fileID: 11400000}
  m_Children: []
  m_Clips:
  - m_Version: 1
    m_Start: 0
    m_ClipIn: 0
    m_Asset: {fileID: 7115218695233062351}
    m_Duration: 1
    m_TimeScale: 1
    m_ParentTrack: {fileID: 7030989625094917505}
    m_EaseInDuration: 0
    m_EaseOutDuration: 0
    m_BlendInDuration: -1
    m_BlendOutDuration: -1
    m_MixInCurve:
      serializedVersion: 2
      m_Curve:
      - serializedVersion: 3
        time: 0
        value: 0
        inSlope: 0
        outSlope: 0
        tangentMode: 0
        weightedMode: 0
        inWeight: 0
        outWeight: 0
      - serializedVersion: 3
        time: 1
        value: 1
        inSlope: 0
        outSlope: 0
        tangentMode: 0
        weightedMode: 0
        inWeight: 0
        outWeight: 0
      m_PreInfinity: 2
      m_PostInfinity: 2
      m_RotationOrder: 4
    m_MixOutCurve:
      serializedVersion: 2
      m_Curve:
      - serializedVersion: 3
        time: 0
        value: 1
        inSlope: 0
        outSlope: 0
        tangentMode: 0
        weightedMode: 0
        inWeight: 0
        outWeight: 0
      - serializedVersion: 3
        time: 1
        value: 0
        inSlope: 0
        outSlope: 0
        tangentMode: 0
        weightedMode: 0
        inWeight: 0
        outWeight: 0
      m_PreInfinity: 2
      m_PostInfinity: 2
      m_RotationOrder: 4
    m_BlendInCurveMode: 0
    m_BlendOutCurveMode: 0
    m_ExposedParameterNames: []
    m_AnimationCurves: {fileID: 0}
    m_Recordable: 0
    m_PostExtrapolationMode: 0
    m_PreExtrapolationMode: 0
    m_PostExtrapolationTime: 0
    m_PreExtrapolationTime: 0
    m_DisplayName: Potential Pixels
  - m_Version: 1
    m_Start: 1
    m_ClipIn: 0
    m_Asset: {fileID: -464562424729190887}
    m_Duration: 1
    m_TimeScale: 1
    m_ParentTrack: {fileID: 7030989625094917505}
    m_EaseInDuration: 0
    m_EaseOutDuration: 0
    m_BlendInDuration: -1
    m_BlendOutDuration: -1
    m_MixInCurve:
      serializedVersion: 2
      m_Curve: []
      m_PreInfinity: 2
      m_PostInfinity: 2
      m_RotationOrder: 4
    m_MixOutCurve:
      serializedVersion: 2
      m_Curve: []
      m_PreInfinity: 2
      m_PostInfinity: 2
      m_RotationOrder: 4
    m_BlendInCurveMode: 0
    m_BlendOutCurveMode: 0
    m_ExposedParameterNames: []
    m_AnimationCurves: {fileID: 0}
    m_Recordable: 0
    m_PostExtrapolationMode: 0
    m_PreExtrapolationMode: 0
    m_PostExtrapolationTime: 0
    m_PreExtrapolationTime: 0
    m_DisplayName: Multiple Fragments
  - m_Version: 1
    m_Start: 3
    m_ClipIn: 0
    m_Asset: {fileID: -5591605199263928359}
    m_Duration: 1
    m_TimeScale: 1
    m_ParentTrack: {fileID: 7030989625094917505}
    m_EaseInDuration: 0
    m_EaseOutDuration: 0
    m_BlendInDuration: -1
    m_BlendOutDuration: -1
    m_MixInCurve:
      serializedVersion: 2
      m_Curve: []
      m_PreInfinity: 2
      m_PostInfinity: 2
      m_RotationOrder: 4
    m_MixOutCurve:
      serializedVersion: 2
      m_Curve: []
      m_PreInfinity: 2
      m_PostInfinity: 2
      m_RotationOrder: 4
    m_BlendInCurveMode: 0
    m_BlendOutCurveMode: 0
    m_ExposedParameterNames: []
    m_AnimationCurves: {fileID: 0}
    m_Recordable: 0
    m_PostExtrapolationMode: 0
    m_PreExtrapolationMode: 0
    m_PostExtrapolationTime: 0
    m_PreExtrapolationTime: 0
    m_DisplayName: Example 2
  - m_Version: 1
    m_Start: 2
    m_ClipIn: 0
    m_Asset: {fileID: -6888724326114113835}
    m_Duration: 1
    m_TimeScale: 1
    m_ParentTrack: {fileID: 7030989625094917505}
    m_EaseInDuration: 0
    m_EaseOutDuration: 0
    m_BlendInDuration: -1
    m_BlendOutDuration: -1
    m_MixInCurve:
      serializedVersion: 2
      m_Curve: []
      m_PreInfinity: 2
      m_PostInfinity: 2
      m_RotationOrder: 4
    m_MixOutCurve:
      serializedVersion: 2
      m_Curve: []
      m_PreInfinity: 2
      m_PostInfinity: 2
      m_RotationOrder: 4
    m_BlendInCurveMode: 0
    m_BlendOutCurveMode: 0
    m_ExposedParameterNames: []
    m_AnimationCurves: {fileID: 0}
    m_Recordable: 0
    m_PostExtrapolationMode: 0
    m_PreExtrapolationMode: 0
    m_PostExtrapolationTime: 0
    m_PreExtrapolationTime: 0
    m_DisplayName: Example 1
  - m_Version: 1
    m_Start: 4
    m_ClipIn: 0
    m_Asset: {fileID: 462962627248195482}
    m_Duration: 1
    m_TimeScale: 1
    m_ParentTrack: {fileID: 7030989625094917505}
    m_EaseInDuration: 0
    m_EaseOutDuration: 0
    m_BlendInDuration: -1
    m_BlendOutDuration: -1
    m_MixInCurve:
      serializedVersion: 2
      m_Curve: []
      m_PreInfinity: 2
      m_PostInfinity: 2
      m_RotationOrder: 4
    m_MixOutCurve:
      serializedVersion: 2
      m_Curve: []
      m_PreInfinity: 2
      m_PostInfinity: 2
      m_RotationOrder: 4
    m_BlendInCurveMode: 0
    m_BlendOutCurveMode: 0
    m_ExposedParameterNames: []
    m_AnimationCurves: {fileID: 0}
    m_Recordable: 0
    m_PostExtrapolationMode: 0
    m_PreExtrapolationMode: 0
    m_PostExtrapolationTime: 0
    m_PreExtrapolationTime: 0
    m_DisplayName: Overlapping
  - m_Version: 1
    m_Start: 5
    m_ClipIn: 0
    m_Asset: {fileID: -8940933709324712158}
    m_Duration: 1
    m_TimeScale: 1
    m_ParentTrack: {fileID: 7030989625094917505}
    m_EaseInDuration: 0
    m_EaseOutDuration: 0
    m_BlendInDuration: -1
    m_BlendOutDuration: -1
    m_MixInCurve:
      serializedVersion: 2
      m_Curve: []
      m_PreInfinity: 2
      m_PostInfinity: 2
      m_RotationOrder: 4
    m_MixOutCurve:
      serializedVersion: 2
      m_Curve: []
      m_PreInfinity: 2
      m_PostInfinity: 2
      m_RotationOrder: 4
    m_BlendInCurveMode: 0
    m_BlendOutCurveMode: 0
    m_ExposedParameterNames: []
    m_AnimationCurves: {fileID: 0}
    m_Recordable: 0
    m_PostExtrapolationMode: 0
    m_PreExtrapolationMode: 0
    m_PostExtrapolationTime: 0
    m_PreExtrapolationTime: 0
    m_DisplayName: No colors
  m_Markers:
    m_Objects: []
  voices:
  - {fileID: 8300000, guid: 6de7c5ef20a2c5743b02dde66c407543, type: 3}
  - {fileID: 8300000, guid: a68eb50a135029646aae2da69ac7889c, type: 3}
  - {fileID: 8300000, guid: 3fabed5900adabd4f9379d54344c2b48, type: 3}
  - {fileID: 8300000, guid: 2adc1de82716ff443b0f623f3693cd32, type: 3}
  - {fileID: 8300000, guid: db0830b0acfb7bd45a50bc679cb1b737, type: 3}
--- !u!114 &7115218695233062351
MonoBehaviour:
  m_ObjectHideFlags: 1
  m_CorrespondingSourceObject: {fileID: 0}
  m_PrefabInstance: {fileID: 0}
  m_PrefabAsset: {fileID: 0}
  m_GameObject: {fileID: 0}
  m_Enabled: 1
  m_EditorHideFlags: 0
  m_Script: {fileID: 11500000, guid: 85200ef7824ca9e4c8822d512a23b2c9, type: 3}
  m_Name: MultiLanguageTextSwitcherClip
  m_EditorClassIdentifier: 
  template:
    color: {r: 0, g: 0, b: 0, a: 1}
    fontSize: 14
    texts:
    - language: 0
      text: 'A fragment is a <b>potential pixel</b>.

        A fragment can be discarded
        or become a pixel itself.'
    - language: 1
      text: "Fragments sind <b>potentielle Pixel</b>.\nFragments k\xF6nnen sowohl
        verworfen, als auch ein Pixel werden."
--- !u!114 &7325021652456462166
MonoBehaviour:
  m_ObjectHideFlags: 1
  m_CorrespondingSourceObject: {fileID: 0}
  m_PrefabInstance: {fileID: 0}
  m_PrefabAsset: {fileID: 0}
  m_GameObject: {fileID: 0}
  m_Enabled: 1
  m_EditorHideFlags: 0
  m_Script: {fileID: 11500000, guid: 15c38f6fa1940124db1ab7f6fe7268d1, type: 3}
  m_Name: Signal Emitter
  m_EditorClassIdentifier: 
  m_Time: 5.85
  m_Retroactive: 0
  m_EmitOnce: 1
  m_Asset: {fileID: 11400000, guid: ed8f1a041749b1243abed54d7a0fad74, type: 2}
--- !u!114 &7460394901056892320
MonoBehaviour:
  m_ObjectHideFlags: 1
  m_CorrespondingSourceObject: {fileID: 0}
  m_PrefabInstance: {fileID: 0}
  m_PrefabAsset: {fileID: 0}
  m_GameObject: {fileID: 0}
  m_Enabled: 1
  m_EditorHideFlags: 0
  m_Script: {fileID: 11500000, guid: 15c38f6fa1940124db1ab7f6fe7268d1, type: 3}
  m_Name: Signal Emitter
  m_EditorClassIdentifier: 
  m_Time: 4.9
  m_Retroactive: 0
  m_EmitOnce: 1
  m_Asset: {fileID: 11400000, guid: 7c8279b6191caea4d95a68aadfccbc8d, type: 2}
--- !u!114 &8393068497615433346
MonoBehaviour:
  m_ObjectHideFlags: 1
  m_CorrespondingSourceObject: {fileID: 0}
  m_PrefabInstance: {fileID: 0}
  m_PrefabAsset: {fileID: 0}
  m_GameObject: {fileID: 0}
  m_Enabled: 1
  m_EditorHideFlags: 0
  m_Script: {fileID: 11500000, guid: 15c38f6fa1940124db1ab7f6fe7268d1, type: 3}
  m_Name: Signal Emitter
  m_EditorClassIdentifier: 
  m_Time: 0.9
  m_Retroactive: 0
  m_EmitOnce: 1
  m_Asset: {fileID: 11400000, guid: 7c8279b6191caea4d95a68aadfccbc8d, type: 2}
--- !u!114 &8638693353185750054
MonoBehaviour:
  m_ObjectHideFlags: 1
  m_CorrespondingSourceObject: {fileID: 0}
  m_PrefabInstance: {fileID: 0}
  m_PrefabAsset: {fileID: 0}
  m_GameObject: {fileID: 0}
  m_Enabled: 1
  m_EditorHideFlags: 0
  m_Script: {fileID: 11500000, guid: d21dcc2386d650c4597f3633c75a1f98, type: 3}
  m_Name: Animation Track
  m_EditorClassIdentifier: 
  m_Version: 3
  m_AnimClip: {fileID: 0}
  m_Locked: 0
  m_Muted: 0
  m_CustomPlayableFullTypename: 
  m_Curves: {fileID: 0}
  m_Parent: {fileID: 11400000}
  m_Children: []
  m_Clips: []
  m_Markers:
    m_Objects:
    - {fileID: 2339712566576766877}
    - {fileID: -6313058799222736818}
    - {fileID: 8393068497615433346}
    - {fileID: -222834786135817737}
    - {fileID: -5487324022728404483}
    - {fileID: 7460394901056892320}
    - {fileID: -8603956126248469080}
  m_InfiniteClipPreExtrapolation: 0
  m_InfiniteClipPostExtrapolation: 0
  m_InfiniteClipOffsetPosition: {x: 0, y: 0, z: 0}
  m_InfiniteClipOffsetEulerAngles: {x: 0, y: 0, z: 0}
  m_InfiniteClipTimeOffset: 0
  m_InfiniteClipRemoveOffset: 0
  m_InfiniteClipApplyFootIK: 1
  mInfiniteClipLoop: 0
  m_MatchTargetFields: 63
  m_Position: {x: 0, y: 0, z: 0}
  m_EulerAngles: {x: 0, y: 0, z: 0}
  m_AvatarMask: {fileID: 0}
  m_ApplyAvatarMask: 1
  m_TrackOffset: 0
  m_InfiniteClip: {fileID: 0}
  m_OpenClipOffsetRotation: {x: 0, y: 0, z: 0, w: 1}
  m_Rotation: {x: 0, y: 0, z: 0, w: 1}
  m_ApplyOffsets: 0
